Match 42438932
Unlisted

Match 42438932
End
Pioneer Squad
Construct Infanterie Kompanie
Construct Infanterie Kompanie
Grenadier Squad
MG 42 Machine Gun Team
Grenadier Squad
Construct Panzergrenadier Kompanie
Panzergrenadier Squad
Support Elements
Nebelwerfer 42 Rocket Launcher Team
StuG III G Assault Gun
StuG III G Assault Gun
Pioneer Squad
Construct Panzer Kompanie
Panzer IV Medium Tank
Nebelwerfer 42 Rocket Launcher Team
Panzer IV Medium Tank
Pak 40 Anti-tank Gun Team
Panzer IV Medium Tank
Selects Terror Battlegroup
Selects Contempt for the Weak
Selects Jericho Trumpet
Selects V1 Rocket Strike
V1 Rocket Strike
Panzergrenadier Squad
Selects Machine Gun Camouflage
Selects Machine Gun Camouflage
Selects Defend the Fatherland
Pak 40 Anti-tank Gun Team
Pak 40 Anti-tank Gun Team
Pioneer Squad
Panzer IV Medium Tank
V1 Rocket Strike
Panzer IV Medium Tank
Stoßtruppen Squad
Selects King Tiger Heavy Tank
King Tiger Heavy Tank
Bacon
Panda Style
I scream
Chocolei
Jimbo Rustles
JVM
CommieRed
Thank You Chef
0
0

Comments sign in to comment!

No comments posted yet!